 Dungeon Crawl Stone Soup version 0.19-a0-1626-g5215c36 (webtiles) character file.

9 jacquesderrida the Charmwright (level 2, -2/15 HPs)
             Began as a Vine Stalker Skald on Sept 18, 2016.
             Slain by an orc priest
             ... wielding a +0 flail
              (7 damage)
             ... on level 4 of the Dungeon.
             The game lasted 00:00:42 (374 turns).

jacquesderrida the Charmwright (Vine Stalker Skald)  Turns: 374, Time: 00:00:43

Health: -2/15      AC:  3    Str: 14    XL:     2   Next: 12%
Magic:  0/6        EV: 11    Int: 12    God:
Gold:   32         SH:  0    Dex: 13    Spells: 1 memorised, 4 levels left

rFire  . . .     SeeInvis .     a - +0 falchion
rCold  . . .     Gourm    +     b - +0 leather armour
rNeg   . . .     Faith    .     (no shield)
rPois  .         Spirit   +     (no helmet)
rElec  .         Dismiss  .     (no cloak)
rCorr  .         Reflect  .     (no gloves)
MR     .....     Harm     .     (no boots)
Stlth  +.........               g - amulet of the gourmand
                                (no ring)
                                (no ring)

@: no status effects
A: fangs 2, magic shield, antimagic bite, no device heal 3, rot immunity
a: no special abilities


You were on level 4 of the Dungeon.
You were not hungry.

You visited 1 branch of the dungeon, and saw 4 of its levels.

You collected 32 gold pieces.

Inventory:

Hand Weapons
 a - a +0 falchion (weapon)
Armour
 b - a +0 leather armour (worn)
Jewellery
 g - an amulet of the gourmand (around neck)
Scrolls
 e - a scroll of teleportation {unknown}
 f - 2 scrolls of remove curse {unknown}
 i - a scroll of identify {unknown}
Potions
 h - a potion of invisibility {unknown}
Books
 c - a book of Battle

   Spells                             Type                      Level
   a - Infusion                       Charms                       1
   b - Shroud of Golubria             Charms/Translocation         2
   c - Song of Slaying                Charms                       2
   d - Spectral Weapon                Hexes/Charms                 3
   e - Regeneration                   Charms/Necromancy            3
Comestibles
 d - 3 bread rations


   Skills:
 - Level 1.7 Fighting
 + Level 2.5 Long Blades
 - Level 0.7 Armour
 - Level 0.7 Dodging
 - Level 2.1 Spellcasting
 - Level 3.0 Charms


You had 4 spell levels left.
You knew the following spells:

 Your Spells              Type           Power        Failure   Level  Hunger
a - Infusion              Chrm           #...         12%         1    ##.....


Dungeon Overview and Level Annotations

Branches:
Dungeon (4/15)
 Temple: D:4-7

Altars:


Innate Abilities, Weirdness & Mutations

You have extremely sharp teeth.
When hurt, damage is shared between your health and your magic reserves.
Your bite disrupts and absorbs the magic of your enemies.
Potions and wands cannot restore your health.
You are immune to rotting.


Message History

The orc priest is heavily wounded.
The giant cockroach bites you. The orc hits you. The orc priest misses you.
You riposte.
You hit the orc priest but do no damage.
You bite the orc priest, but do no damage.
The orc priest is heavily wounded.
You barely miss the orc priest. Your bite misses the orc priest.
The orc priest is heavily wounded.
The giant cockroach bites you but does no damage.
The orc hits you. The orc priest misses you.
You riposte.
You barely miss the orc priest.
The orc priest is heavily wounded.
The giant cockroach bites you. The orc hits you but does no damage.
You hit the orc priest.
The orc priest is heavily wounded.
The orc hits you. x2; The giant cockroach closely misses you.
You riposte.
You hit the giant cockroach but do no damage.
You bite the giant cockroach, but do no damage.
The orc priest hits you with a flail!
You die...

..#.#
....#####
#.......#
.........
#........
#o.......
#oo......
#@o......
#os......
+........
#........
....####.
###.# .#
##


You could see an orc priest, 4 orcs and a giant cockroach.

Vanquished Creatures
  2 giant cockroaches
  2 goblins (D:1)
  A hobgoblin (D:1)
  A jackal (D:2)
  A rat (D:1)
7 creatures vanquished.

Notes
Turn   | Place    | Note
-------+----------+-------------------------------------------
     0 | D:1      | jacquesderrida the Vine Stalker Skald began the quest for the Orb.
     0 | D:1      | Reached XP level 1. HP: 11/11 MP: 4/4
   261 | D:2      | Reached XP level 2. HP: 10/15 MP: 3/6
   374 | D:4      | Slain by an orc priest

Vault maps used:
D:1:      lightli_arrival_noodles, minmay_surrounded
D:2:      minitemple, st_stairs_14, uniq_natasha
D:3:      first_bread, uniq_grinder, uniq_robin, uniq_sigmund

Skill      XL: |  1 |
---------------+----+-----
Long Blades    | 2 |  2.5
Fighting       | |  1.7
Armour         | |  0.7
Dodging        | |  0.7
Spellcasting   | |  2.1
Charms         | |  3.0

Action                   || total
-------------------------++-------
Melee: Falchion          ||    40
       Bite              ||     9
Armor: Leather armour    ||     8
Dodge: Dodged            ||    23
